 Dungeon Crawl Stone Soup version 0.29.1-13-g9f3cf754e1 (webtiles) character file.

Game seed: 10785060996910232091

67 protoss039 the Digger (level 4, 33/33 HPs)
             Began as a Demonspawn Earth Elementalist on Feb 9, 2023.
             Got out of the dungeon alive.
             The game lasted 00:03:21 (3522 turns).

protoss039 the Digger (DsEE)                        Turns: 3522, Time: 00:03:21

Health: 33/33      AC:  2    Str:  9    XL:     4   Next: 0%
Magic:  8/8        EV: 16    Int: 18    God:
Gold:   172        SH:  0    Dex: 13    Spells: 2/8 levels left

rFire   . . .      SeeInvis .   i - +0 dagger
rCold   . . .      Faith    .   (no shield)
rNeg    . . .      Spirit   .   a - +0 robe
rPois   .          Reflect  .   (helmet restricted)
rElec   .          Harm     .   (no cloak)
rCorr   .          Rampage  .   (no gloves)
Will    .....                   (no boots)
Stlth   ++........              (no amulet)
HPRegen 0.11/turn               h - +4 ring of evasion
MPRegen 0.11/turn               (no ring)

@: no status effects
A: antennae 1, weakness stinger 1
a: no special abilities


You escaped.
You visited 1 branch of the dungeon, and saw 4 of its levels.

You collected 172 gold pieces.

Inventory:

Hand Weapons
 i - a +0 dagger (weapon)
Armour
 a - a +0 robe (worn)
Jewellery
 h - a +4 ring of evasion (left hand)
Scrolls
 c - 2 scrolls of poison {unknown}
 e - 2 scrolls of blinking {unknown}
 l - a scroll of fog {unknown}
 p - a scroll of teleportation {unknown}
 q - a scroll of identify {unknown}
Potions
 b - a potion of magic
 d - a potion of flight {unknown}
 f - 4 potions of lignification {unknown}
 g - a potion of might {unknown}
 j - 2 potions of curing {unknown}
 k - a potion of cancellation {unknown}
 m - a potion of invisibility {unknown}
 n - a potion of brilliance {unknown}
 o - 2 potions of mutation {unknown}


   Skills:
 + Level 2.0 Fighting
 - Level 1.7 Dodging
 - Level 1.7 Stealth
 + Level 2.7 Spellcasting
 - Level 0.8 Transmutations
 + Level 3.4 Earth Magic


You had 2 spell levels left.
You knew the following spells:

 Your Spells              Type           Power      Damage    Failure   Level
a - Sandblast             Erth           28%        2d8       4%          1
b - Passwall              Tmut/Erth      8%         N/A       11%         2
c - Stone Arrow           Conj/Erth      16%        3d8       26%         3

Your spell library contained the following spells:

 Spells                   Type           Power      Damage    Failure   Level
 Portal Projectile        Hex/Tloc       4%         N/A       45%         3
 Tukima's Dance           Hex            2%         N/A       45%         3
 Petrify                  Tmut/Erth      10%        N/A       56%         4
 Blade Hands              Tmut           2%         N/A       97%         5


Dungeon Overview and Level Annotations

Branches:
Dungeon (4/15) Zot: 20443
 Temple: D:4-7

Altars:
Gozag
Xom

Shops:
D:1 *


Innate Abilities, Weirdness & Mutations

You have a pair of small antennae on your head.
You have a small tail.


Message History

The blast of sand hits the hobgoblin!
You kill the hobgoblin!
You have reached level 4!
You feel stronger.
Your demonic ancestry asserts itself...
A pair of antennae grows on your head!
Casting: Sandblast (safe; 4% risk of failure)
Confirm with . or Enter, or press ? or * to list all spells.
Aiming: Sandblast (safe; 4% risk of failure)
Press: ? - help, Shift-Dir - straight line, f - you That would be overly suicidal.
Okay, then.
Unknown command.
A kobold comes into view. It is wielding a +1 vampiric dagger.
You can't go up here!
A kobold is nearby!
Unknown command.
You see here a +0 long sword.
The kobold shouts!
There is a stone staircase leading up here.
You climb upwards.
There is a stone staircase leading down here.
(D) Dungeon
Where to? (Enter - D:4 @ (x,y), ? - help)
What level of the Dungeon? (default 1, ? - help)
There is a stone staircase leading up here.
You climb upwards.
There is a stone staircase leading down here.
Things that are here:
3 poisoned darts; a +0 dagger
There is a stone staircase leading up here.
You climb upwards.
There is a stone staircase leading down here.
There is an entrance to Otech's General Store here.
You enter the shallow water.
Moving in this stuff is going to be slow.
You see here 9 stones.
There is a large open door here.
There is a staircase leading out of the dungeon here.
Are you sure you want to leave the Dungeon?
This will make you lose the game!
You have escaped!

##.#..##.# ####♣♣♣ ##....##.####
♣#.#♣ .......#.##~#♣#♣.♣.#♣#♣♣
##....#..###...........#
##.#..#..# ♣...........#
......#..# ♣..#######..♣
.........##♣..#...PP#..#♣
#...####.~#...#.....#...#♣##
##.## #.♣.♣..#.@.P.'..♣...# ###
#.#♣...#.....'...♣#.##
#.##♣..#.P...#..♣♣#..# ### #.#
#..#######..# ##.###..
########.#♣#..(........♣ #......#
.....†...#♣............♣#########
#########.#♣♣##♣.♣.#♣#.~.###.####
#.# ♣#.♣♣ #♣.###......
#.#######♣#####......####


There were no monsters in sight!

Vanquished Creatures
  A worm (D:2)
  A dart slug (D:2)
  An orc (D:3)
  4 bats
  4 endoplasms
  5 giant cockroaches
  4 goblins
  6 hobgoblins
  3 quokkas
  4 ball pythons
  4 frilled lizards
  4 kobolds
  22 rats
63 creatures vanquished.

Notes
Turn   | Place    | Note
-------+----------+-------------------------------------------
     0 | D:1      | protoss039 the Demonspawn Earth Elementalist began the
                  | quest for the Orb.
     0 | D:1      | Reached XP level 1. HP: 13/13 MP: 3/3
   171 | D:1      | Discovered your monstrous ancestry.
   171 | D:1      | Gained mutation: You have a small tail. [demonic ancestry]
   171 | D:1      | Reached XP level 2. HP: 20/20 MP: 1/5
   477 | D:1      | Found Otech's General Store.
   482 | D:1      | Reached skill level 1 in Fighting
   704 | D:1      | Learned a level 2 spell: Passwall
   804 | D:1      | Reached skill level 3 in Earth Magic
  1171 | D:2      | Reached XP level 3. HP: 23/26 MP: 2/6
  1494 | D:2      | Found a faded altar of an unknown god.
  1795 | D:2      | Found a shimmering altar of Xom.
  2637 | D:3      | Found an opulent altar of Gozag.
  3225 | D:3      | Learned a level 3 spell: Stone Arrow
  3411 | D:4      | Gained mutation: You have a pair of small antennae on your
                  | head. [demonic ancestry]
  3411 | D:4      | Reached XP level 4. HP: 33/33 MP: 6/8
  3522 | D:$      | Got out of the dungeon alive.

Illustrated notes

Levels and vault maps discovered:
D:1:      saegor_arrival_under_anarchy, layout_loops_ring, serial_shops,
          nicolae_shop_advertising_works [nicolae_subvault_shop_adworks]
D:2:      layout_loops_ring, basic_altar,
          dreamdust_ecumenical_altar_hidden_monk_grotto, minmay_rat_hole
D:3:      layout_loops_ring, grunt_gozag_breadcrumbs
D:4:      layout_loops_corners, minmay_misc_feat_five, st_stairs_4

Skill      XL: |  1  2  3 |
---------------+----------+-----
Fighting       | 1 2 |  2.0
Earth Magic    | 3 |  3.4
Dodging        | |  1.7
Stealth        | |  1.7
Spellcasting   | |  2.7
Transmutations | |  0.8

Action                   |  1- 3 |  4- 6 || total
-------------------------+-------+-------++-------
Melee: Dagger            |    88 |       ||    88
       Unarmed           |     5 |       ||     5
       Tailslap          |    11 |       ||    11
 Cast: Sandblast         |    64 |       ||    64
 Stab: Sleeping          |     1 |       ||     1
Armor: Robe              |    16 |       ||    16
Dodge: Dodged            |   108 |       ||   108
